 Dungeon Crawl Stone Soup version 0.28-a0-723-g095bd1b44f (webtiles) character file.

Game seed: 9674255667814546282

479 omnomnOMINOUS the Ducker (level 7, 0/49 HPs)
             Began as an Octopode Wanderer on Oct 24, 2021.
             Was a Believer of Qazlal.
             Slain by a gnoll (8 damage)
             ... on level 6 of the Dungeon on Oct 25, 2021.
             The game lasted 00:10:00 (4438 turns).

omnomnOMINOUS the Ducker (Octopode Wanderer)        Turns: 4438, Time: 00:10:00

Health: 0/49       AC:  1    Str: 14    XL:     7   Next: 11%
Magic:  8/8        EV: 14    Int: 12    God:    Qazlal [**....]
Gold:   287        SH:  7    Dex: 13    Spells: 6/6 levels left

rFire   . . .      SeeInvis .   a - +1 whip (venom)
rCold   . . .      Faith    .   j - +0 buckler
rNeg    . . .      Spirit   .   (helmet restricted)
rPois   .          Reflect  .   (no amulet)
rElec   .          Harm     .   h - ring of flight
rCorr   .          Rampage  .   (no ring)
Will    .....                   (no ring)
Stlth   ++........              (no ring)
HPRegen 0.16/turn               (no ring)
MPRegen 0.11/turn               (no ring)
                                (no ring)
                                (no ring)

@: mighty, flying
A: almost no armour, amphibious, 8 rings, camouflage 1, gelatinous body 1,
(nimble swimmer 1), tentacles
a: Renounce Religion, Upheaval


You were on level 6 of the Dungeon.
You worshipped Qazlal.
Qazlal was pleased with you.
You visited 1 branch of the dungeon, and saw 5 of its levels.

You collected 287 gold pieces.

Inventory:

Hand Weapons
 a - a +1 whip of venom (weapon)
 b - a +2 shortbow
 c - a +0 trident
 t - a +2 vampiric short sword
 u - a +1 mace of venom
Missiles
 i - 31 arrows
Armour
 j - a +0 buckler (worn)
Magical Staves
 x - a staff of poison
Jewellery
 h - a ring of flight (left tentacle)
 G - an amulet of the acrobat
Wands
 y - a wand of iceblast (6)
 D - a wand of flame (8)
Scrolls
 e - 4 scrolls of identify {unknown}
 f - 2 scrolls of immolation {unknown}
 l - 2 scrolls of teleportation {unknown}
 m - a scroll of summoning {unknown}
 o - a scroll of noise {unknown}
 p - 2 scrolls of vulnerability {unknown}
 q - 2 scrolls of amnesia {unknown}
 A - a scroll of holy word {unknown}
 C - a scroll of enchant armour {unknown}
Potions
 d - a potion of curing
 g - a potion of magic {unknown}
 k - a potion of heal wounds {unknown}
 n - 2 potions of flight {unknown}
 r - 3 potions of lignification
 s - 2 potions of brilliance {unknown}
 v - 2 potions of might
 w - 2 potions of invisibility {unknown}
 z - a potion of attraction {unknown}
 B - a potion of haste {unknown}
 E - a potion of degeneration {unknown}
 F - a potion of cancellation {unknown}


   Skills:
 + Level 4.6 Fighting
 - Level 4.0 Bows
 + Level 4.6 Dodging
 - Level 1.3 Stealth
 - Level 4.0 Shields
 + Level 2.4 Invocations


You had 6 spell levels left.
You didn't know any spells.
Your spell library contained the following spells:

 Spells                   Type           Power      Damage    Failure   Level
 Gell's Gravitas          Tloc           0%         N/A       69%         3
 Teleport Other           Tloc           0%         N/A       69%         3
 Dispersal                Tloc           0%         N/A       100%        6


Dungeon Overview and Level Annotations

Branches:
Dungeon (4/15)
 Temple: D:4-7

Altars:
Dithmenos
Elyvilon
Qazlal


Innate Abilities, Weirdness & Mutations

You cannot wear most types of armour.
You are amphibious.
You can wear up to eight rings at the same time.
Your skin changes colour to match your surroundings (Stealth+).
Your rubbery body absorbs attacks. (AC +1, EV +1)
((You are camouflaged near water. (Stealth+)))
You have tentacles for arms and can constrict up to eight enemies at once.


Message History

You hit the bullfrog skeleton. Your grab misses the bullfrog skeleton.
The bullfrog skeleton is lightly damaged.
You block the bullfrog skeleton's attack.
You hit the bullfrog skeleton. You grab the bullfrog skeleton.
The bullfrog skeleton is heavily damaged.
You constrict the bullfrog skeleton. The bullfrog skeleton hits you. x2
You hit the bullfrog skeleton.
The bullfrog skeleton is severely damaged.
You constrict the bullfrog skeleton.
The bullfrog skeleton closely misses you.
The gnoll hits you from afar with a +2 halberd of protection!
You release your grip on the bullfrog skeleton.
The bullfrog skeleton closely misses you.
A gnoll comes into view. It is wielding a +0 club.
The gnoll hits you with a +0 club!
You hit the gnoll.
The gnoll is poisoned.
You grab the gnoll.
The gnoll is moderately wounded.
You constrict the gnoll, but do no damage.
You block the gnoll's attack.
You release your grip on the gnoll.
A gnoll comes into view. It is wielding a +0 spear.
The gnoll hits you from afar with a +0 spear.
A gnoll comes into view. It is wielding a +0 spear.
The gnoll completely misses you.
The gnoll looks more healthy.
Found 16 gold pieces.
You hit the gnoll but do no damage.
The gnoll is poisoned.
Your grab misses the gnoll.
The gnoll is almost dead.
The gnoll closely misses you.
You kill the gnoll!
Qazlal accepts your kill.
The gnoll shouts!
The gnoll hits you from afar with a +2 halberd of protection!
* * * LOW HITPOINT WARNING * * *
You feel better. You block the gnoll's attack.
It was a potion of might.
You feel very mighty all of a sudden.
The gnoll hits you from afar with a +2 halberd of protection!
You die...

.#.#.##..# #.#
###..##..# #.#
####.##..#
#######.######.
.....)...#
#.Zg.).....$...
.....#...#
#.#####g######
.....#...# #.# #.#
.....#...###.### #.#
.....#...#.....###g#
#..###........g.@..#
#.## #.g##.....#####
...###..##..##.##
........##).....######
....###.##............
... #g##..#...#### ##
.. #.##..##.## .. .
#.##..##.# #. #.
#......#.####. g.


You could see 2 gnolls.

Vanquished Creatures
  An ogre (D:6)
  A centaur zombie (D:6)
  Crazy Yiuf (D:2)
  A jelly (D:4)
  An orc priest (D:4)
  A hound (D:4)
  Ijyb (D:3)
  An orc wizard (D:3)
  A killer bee zombie (D:6)
  4 adders
  2 gnolls
  2 worms
  6 dart slugs
  17 orcs
  3 endoplasms
  3 giant cockroaches
  5 goblins
  7 hobgoblins
  2 jackals (D:2)
  7 kobolds
  4 quokkas
  4 ball pythons
  7 bats
  5 frilled lizards
  5 rats
92 creatures vanquished.

Notes
Turn   | Place    | Note
-------+----------+-------------------------------------------
     0 | D:1      | omnomnOMINOUS the Octopode Wanderer began the quest for the
                  | Orb.
     0 | D:1      | omnomnOMINOUS set off with the following items: a +2
                  | shortbow, 24 arrows, a potion of lignification, a potion of
                  | curing
     0 | D:1      | Reached XP level 1. HP: 17/17 MP: 1/1
     0 | D:1      | Upgraded the game from 0.28-a0-697-g47f3eba078 to
                  | 0.28-a0-723-g095bd1b44f
   135 | D:1      | Reached skill level 1 in Dodging
   431 | D:1      | Reached XP level 2. HP: 20/22 MP: 2/2
   756 | D:1      | Reached XP level 3. HP: 27/27 MP: 3/3
  1501 | D:2      | Reached XP level 4. HP: 28/33 MP: 4/4
  1555 | D:2      | Found a runed translucent door.
  1556 | D:2      | Noticed Crazy Yiuf
  1563 | D:2      | Killed Crazy Yiuf
  2462 | D:3      | Noticed Ijyb
  2470 | D:3      | Killed Ijyb
  2471 | D:3      | Reached XP level 5. HP: 37/37 MP: 5/5
  2756 | D:3      | Found a faded altar of an unknown god.
  2764 | D:3      | Prayed at the altar of an unknown god.
  2764 | D:3      | Became a worshipper of Qazlal Stormbringer
  2764 | D:3      | Reached * piety under Qazlal
  3410 | D:4      | Found a white marble altar of Elyvilon.
  3513 | D:4      | Found a shadowy altar of Dithmenos.
  3522 | D:4      | Reached XP level 6. HP: 43/43 MP: 6/6
  3818 | D:4      | Reached skill level 1 in Invocations
  3847 | D:4      | Reached ** piety under Qazlal
  3953 | D:4      | You are sucked into a shaft and drop 2 floors!
  4224 | D:6      | Reached XP level 7. HP: 39/49 MP: 8/8
  4438 | D:6      | Slain by a gnoll

Illustrated notes

Levels and vault maps discovered:
D:1:      nicolae_arrival_somewhat_less_tricky_arrival, layout_basic
D:2:      layout_basic, cheibrodos_gnoll_hut, uniq_crazy_yiuf_cottage
D:3:      layout_loops_ring, basic_ecumenical_altar, minmay_close_crescents,
          uniq_ijyb
D:4:      layout_basic, amcnicky_altar_gilded, nicolae_dithmenos_shadow_blocks,
          serial_glass, glass_columns_a, glass_columns_b, glass_columns_b,
          glass_columns_b, cheibrodos_sewer_entry_bend, st_stairs_1
D:6:      layout_loops_ring, minmay_liquid_box

Skill      XL: |  1  2  3  4  5  6 |
---------------+-------------------+-----
Dodging        | 1 2 3 4 |  4.6
Shields        | 2 3 4 |  4.0
Invocations    | 2 |  2.4
Fighting       | |  4.6
Bows           | |  4.0
Stealth        | |  1.3

Action                   |  1- 3 |  4- 6 |  7- 9 || total
-------------------------+-------+-------+-------++-------
Melee: Whip              |    25 |   126 |    14 ||   165
       Constrict         |     7 |    41 |     5 ||    53
       Tentacles         |     4 |    25 |     1 ||    30
 Fire: Shortbow          |    42 |       |       ||    42
Evoke: Wand              |       |     5 |       ||     5
  Use: Potion            |       |       |     2 ||     2
 Stab: Sleeping          |     3 |     4 |       ||     7
Armor: Skin              |     2 |     5 |       ||     7
Dodge: Dodged            |    20 |    78 |     9 ||   107
Block: Buckler           |     5 |    26 |     7 ||    38

Table legend: (Time is in decaauts)
 A = Elapsed time spent in this place.
 B = Non-inter-level travel time spent in this place.
 C = Inter-level travel time spent in this place.
 D = Time resting spent in this place.
 E = Time spent auto-exploring this place.
 F = Levels seen in this place.
 G = Mean time per level.
                   A        B        C        D        E       F      G
               +--------+--------+--------+--------+--------+-----+--------+
         Total |   4456 |   4357 |     99 |     13 |   3512 |   5 |  891.2 |
       Dungeon |   4456 |   4357 |     99 |     13 |   3512 |   5 |  891.2 |
               +--------+--------+--------+--------+--------+-----+--------+

Top non-repeatable levels by time:
     D:2: 1330 daAuts
     D:3: 1086 daAuts
     D:1: 992 daAuts
     D:4: 559 daAuts
     D:6: 488 daAuts
